 Dungeon Crawl Stone Soup version 0.24.0-123-gd5b16e6ec5 (webtiles) character file.

Game seed: 193609635514995495, levelgen mode: deterministic

128 Mevorra the Chopper (level 5, -3/46 HPs)
             Began as a Hill Orc Fighter on Jan 18, 2020.
             Slain by Natasha (7 damage)
             ... on level 1 of the Dungeon.
             The game lasted 00:18:06 (1580 turns).

Mevorra the Chopper (Hill Orc Fighter)              Turns: 1580, Time: 00:18:07

Health: -3/46      AC:  7    Str: 18 (20) XL:     5   Next: 12%
Magic:  5/5        EV:  7    Int:  7 (8)  God:
Gold:   70         SH:  9    Dex:  8 (10) Spells: 4/4 levels left

rFire    . . .     SeeInvis .   s - +0 mace
rCold    + . .     Gourm    .   c - +0 shield
rNeg     . . .     Faith    .   b - +0 scale mail
rPois    .         Spirit   .   (no helmet)
rElec    .         Reflect  .   (no cloak)
rCorr    .         Harm     .   (no gloves)
MR       .....                  (no boots)
Stlth    ..........             (no amulet)
HPRegen  0.15/turn              u - ring of protection from cold
MPRegen  0.09/turn              (no ring)

@: slowed, very slow
A: no striking features
a: no special abilities


You were on level 1 of the Dungeon.
You were not hungry.

You visited 1 branch of the dungeon, and saw 2 of its levels.

You collected 70 gold pieces.

Inventory:

Hand Weapons
 a - a +0 war axe
 d - a +0 morningstar
 g - a +2 quarterstaff of chaos
 j - a +0 hand axe
 o - a +0 whip
 p - a +0 hunting sling
 s - a +0 mace (weapon)
 v - a +0 mace
Armour
 b - a +0 scale mail (worn)
 c - a +0 shield (worn)
 h - a +0 robe
 k - a +0 robe
 r - a +0 ring mail
Jewellery
 u - a ring of protection from cold (left hand)
Scrolls
 l - 2 scrolls of identify {unknown}
 m - a scroll of remove curse {unknown}
 q - a scroll of blinking {unknown}
 t - a scroll of magic mapping {unknown}
Potions
 i - a potion of heal wounds {unknown}
Comestibles
 f - 2 rations


   Skills:
 + Level 4.1 Fighting
 + Level 4.8(5.0) Axes
 - Level 1.3(2.9) Maces & Flails
 + Level 3.7 Armour
 + Level 0.6 Dodging
 + Level 3.9 Shields


You had 4 spell levels left.
You didn't know any spells.
Your spell library was empty.

Dungeon Overview and Level Annotations

Branches:
Dungeon (2/15)

Altars:
Sif Muna

Annotations:
D:1 Natasha


Message History

Natasha hisses.
Natasha completely misses you.
Your shield and scale mail prevent you from hitting Natasha.
Natasha claws you.
* * * LOW HITPOINT WARNING * * *
Your shield and scale mail prevent you from hitting Natasha.
Natasha barely misses you.
Your shield prevents you from hitting Natasha.
Natasha claws you but does no damage.
You hit Natasha.
Natasha is moderately wounded.
Natasha claws you.
* * * LOW HITPOINT WARNING * * *
Natasha stares at you and mumbles some strange words.
You feel yourself slow down.
It was a potion of degeneration.
There was something very wrong with that liquid.
You feel weakened.
You feel dopey.
You feel clumsy. Natasha claws you!
You die...

#####.### ##.## #.## #.#
#.######... #.#
#.........# ####.###
##'###)..... #......##
##..>##.###.# #.##....#
##.....#.# #.# # #..#.#
##........# #.#
#.##....###.........# #..
#......h@.'.........+....
####.>.####.........####.
##..# ##.............
##.# ##.....####### ##.#
##...## # #..#
###'####### #.##
#.........# #.#
#.#.#####.# #.# #.#.#


You could see Natasha.

Vanquished Creatures
  Crazy Yiuf (D:2)
  Natasha (twice) (D:2)
  An adder (D:2)
  3 dart slugs
  2 leopard geckos
  3 bats (D:2)
  4 giant cockroaches
  5 goblins (D:1)
  5 hobgoblins (D:1)
  2 jackals (D:1)
  2 quokkas (D:2)
  3 frilled lizards
  5 kobolds
38 creatures vanquished.

Notes
Turn   | Place    | Note
-------+----------+-------------------------------------------
     0 | D:1      | Mevorra the Hill Orc Fighter began the quest for the Orb.
     0 | D:1      | Reached XP level 1. HP: 19/19 MP: 1/1
   216 | D:1      | Reached XP level 2. HP: 24/27 MP: 2/2
   565 | D:1      | Reached XP level 3. HP: 33/33 MP: 3/3
   939 | D:2      | Found a shimmering blue altar of Sif Muna.
  1002 | D:2      | Noticed Natasha
  1016 | D:2      | Killed Natasha
  1016 | D:2      | Reached XP level 4. HP: 15/40 MP: 4/4
  1395 | D:2      | Found a runed translucent door.
  1396 | D:2      | Noticed Crazy Yiuf
  1433 | D:2      | Killed Crazy Yiuf
  1527 | D:2      | Noticed Natasha
  1550 | D:2      | Killed Natasha
  1550 | D:2      | Reached skill level 1 in Maces & Flails
  1550 | D:2      | Reached XP level 5. HP: 16/46 MP: 5/5
  1560 | D:2      | Noticed Natasha
  1580 | D:1      | Slain by Natasha

Levels and vault maps discovered:
D:1:      minmay_arrival_glassed_features, layout_loops_corners,
          serial_bayou_pond_e
D:2:      layout_loops_ring, old_standard_altar, uniq_crazy_yiuf_cottage,
          uniq_natasha

Skill      XL: |  1  2  3  4 |
---------------+-------------+-----
Axes           | 3 4 |  4.8
Fighting       | 4 |  4.1
Maces & Flails | 1 |  1.3
Armour         | |  3.7
Dodging        | |  0.6
Shields        | |  3.9

Action                   |  1- 3 |  4- 6 || total
-------------------------+-------+-------++-------
Melee: War axe           |    85 |    22 ||   107
       Mace              |       |    26 ||    26
       Hand axe          |       |     6 ||     6
  Use: Potion            |     1 |     2 ||     3
  Eat: Chunk             |       |     2 ||     2
Armor: Scale mail        |    28 |    23 ||    51
Dodge: Dodged            |    28 |    15 ||    43
Block: Shield            |    34 |    27 ||    61
